 Dungeon Crawl Stone Soup version 0.25-a0-404-gc1b5a34292 (webtiles) character file.

Game seed: 12735088429294824529, levelgen mode: deterministic

27 dropboar the Charmwright (level 3, 0/28 HPs)
             Began as a Formicid Skald on Jan 12, 2020.
             Slain by an adder (4 damage)
             ... on level 3 of the Dungeon.
             The game lasted 00:03:34 (1018 turns).

dropboar the Charmwright (Formicid Skald)           Turns: 1018, Time: 00:03:35

Health: 0/28       AC:  3    Str: 15    XL:     3   Next: 25%
Magic:  4/6        EV: 11    Int: 13    God:
Gold:   29         SH:  0    Dex: 10    Spells: 5/6 levels left

rFire    . . .     SeeInvis +   a - +0 mace
rCold    . . .     Gourm    .   (no shield)
rNeg     . . .     Faith    .   b - +0 leather armour
rPois    .         Spirit   .   (helmet unavailable)
rElec    .         Reflect  .   (no cloak)
rCorr    .         Harm     .   (no gloves)
MR       .....                  (no boots)
Stlth    +.........             (no amulet)
HPRegen  0.09/turn              (no ring)
MPRegen  0.10/turn              (no ring)

@: lethally poisoned (0 -> -1), infused
A: permanent stasis, dig shafts and tunnels, four strong arms, antennae 3
a: Dig, Shaft Self


You were on level 3 of the Dungeon.
You were hungry.

You visited 1 branch of the dungeon, and saw 3 of its levels.

You collected 29 gold pieces.

Inventory:

Hand Weapons
 a - a +0 mace (weapon)
Armour
 b - a +0 leather armour (worn)
Scrolls
 c - a scroll of random uselessness {unknown}
 e - a scroll of identify {unknown}
Potions
 g - a potion of might {unknown}
 h - 2 potions of brilliance {unknown}
Comestibles
 d - 3 rations
 f - 3 chunks of flesh


   Skills:
 + Level 2.6 Fighting
 + Level 2.3 Maces & Flails
 + Level 1.5 Armour
 - Level 1.7 Dodging
 + Level 2.4 Spellcasting
 + Level 3.3 Charms


You had 5 spell levels left.
You knew the following spells:

 Your Spells              Type           Power        Failure   Level  Hunger
a - Infusion              Chrm           ##..         8%          1    #......

Your spell library contained the following spells:

 Spells                   Type           Power        Failure   Level  Hunger
 Song of Slaying          Chrm           ##......     11%         2    ###....
 Shroud of Golubria       Chrm/Tloc      #.....       22%         2    ###....
 Ozocubu's Armour         Chrm/Ice       #.......     41%         3    ###....
 Spectral Weapon          Hex/Chrm       #.......     41%         3    ###....


Dungeon Overview and Level Annotations

Branches:
Dungeon (3/15)

Altars:

Annotations:
D:2 Terence


Innate Abilities, Weirdness & Mutations

You cannot be hasted, slowed, berserked, paralysed or teleported.
You can dig through walls and to a lower floor.
Your four strong arms can wield two-handed weapons with a shield.
You have a pair of large antennae on your head. (SInv)


Message History

You feel sick. The adder bites you but does no damage.
You feel sick.
Terence asks, "Do you want it fast or slow?"
The adder closely misses you.
You feel sick. The adder barely misses you.
There is a stone staircase leading down here.
The adder barely misses you.
You climb downwards.
There is a stone staircase leading up here.
Casting: Infusion (safe; 8% risk of failure)
Confirm with . or Enter, or press ? or * to list all spells.
You begin infusing your attacks with magical energy.
You feel sick. The adder barely misses you.
You barely miss the adder. The adder closely misses you. The adder bites you.
* * * LOW HITPOINT WARNING * * *
You hit the adder.
The adder is moderately wounded.
The adder bites you.
You die...

### ..#
#.# #.#
#(#
######.#
#.....@#
#.....S#
#......#
#.....##
#.....
###.##
#. ..


You could see an adder.

Vanquished Creatures
  A worm (D:2)
  A dart slug (D:1)
  A ball python (D:2)
  2 bats
  2 giant cockroaches
  5 hobgoblins
  2 jackals (D:2)
  A frilled lizard (D:1)
  A goblin (D:2)
  4 kobolds
20 creatures vanquished.

Notes
Turn   | Place    | Note
-------+----------+-------------------------------------------
     0 | D:1      | dropboar the Formicid Skald began the quest for the Orb.
     0 | D:1      | Reached XP level 1. HP: 16/16 MP: 3/3
    84 | D:1      | Reached XP level 2. HP: 12/23 MP: 1/5
   734 | D:2      | Reached XP level 3. HP: 17/28 MP: 3/6
   974 | D:2      | Noticed Terence
  1018 | D:3      | Slain by an adder

Levels and vault maps discovered:
D:1:      co_arrival_square_in_a_square_in_a_square, layout_basic
D:2:      layout_basic, first_ration, minmay_crystal_room, minmay_puff,
          uniq_robin, uniq_terence
D:3:      layout_loops_corners, lemuel_crystal_altar,
          nicolae_overflow_crystal_walls, minivault_26, uniq_sigmund

Action                   || total
-------------------------++-------
Melee: Mace              ||    76
 Cast: Infusion          ||    10
Armor: Leather armour    ||    33
Dodge: Dodged            ||    73

Table legend:
 A = Non-vault XP
 B = Vault XP
 C = Vault XP percentage of total XP
 D = Non-vault monster count
 E = Vault monster count
 F = Vault count percentage of total count
                 A         B        C        D         E       F
            +---------+---------+-------+---------+---------+-------
      Total |      39 |       0 |   0.0 |      20 |       0 |   0.0
            +---------+---------+-------+---------+---------+-------
        D:1 |      21 |       0 |   0.0 |      11 |       0 |   0.0
        D:2 |      18 |       0 |   0.0 |       9 |       0 |   0.0
            +---------+---------+-------+---------+---------+-------
